Description

7 Timing attack used with archons, charge-a-lots and immortals.

Replay - Protoss 7:00 Timing

Build Order

Get SALT Encoding   

  12  0:00  Probe  
  13  0:15  Pylon  
  13  0:18  Probe  
  14  0:33  Gateway  
  14  0:35  Probe (Chrono Boost)  
  15  0:46  Probe x2 (Chrono Boost)  
  15  0:48  Assimilator  
  17  1:01  Probe (Chrono Boost)  
  19  1:12  Probe (Chrono Boost)  
  19  1:25  Nexus  
  19  1:31  Cybernetics Core  
  19  1:34  Probe  
  20  1:41  Assimilator  
  20  1:47  Probe  
  21  1:51  Pylon  
  21  1:59  Probe  
  22  2:06  Stalker (Chrono Boost)  
  22  2:08  Warp Gate  
  22  2:15  Shield Battery  
  25  2:28  Stalker  
  28  2:35  Pylon  
  32  2:56  Gateway  
  33  3:01  Sentry  
  35  3:05  Gateway  
  37  3:22  Shield Battery  
  41  3:36  Robotics Facility  
  41  3:40  Twilight Council  
  43  3:50  Assimilator x2  
  46  4:05  Stalker x2  
  46  4:07  Pylon  
  50  4:13  Stalker  
  50  4:14  Pylon  
  54  4:26  Charge  
  55  4:31  Immortal (Chrono Boost)  
  59  4:48  Gateway x3  
  59  4:57  Gateway  
  59  5:01  Immortal (Chrono Boost)  
  63  5:11  Gateway x2  
  63  5:24  Gateway  
  63  5:28  Templar Archives  
  63  5:29  Zealot x3  
  69  5:42  Warp Prism (Chrono Boost)  
  71  6:37  High Templar x6  
  83  6:40  Zealot x4  
  83  6:42  Archon x3  
  83  7:01  Zealot x3  
Spawning Tool Build Advisor. Get it on Overwolf

Go to:

Details

  • Created by: jcorona1
  • Published on: Nov 20, 2022
  • Modified on: Nov 20, 2022
  • Patch: 4.11.0
  • Difficulty: Medium
Show
View Real Time Build Order
Export as new Build Order

Comments (0)

There are no comments. Be the first!

Create an account to comment!